Construct Section Command Post
Selects Air and Sea Battlegroup
Construct Platoon Command Post
Selects Commando Section Paradrop
Selects M1 Pack Howitzer Paradrop
Selects M1 Pack Howitzer Paradrop
M1 Pack Howitzer Paradrop
Unlock Bishop Self-propelled Artillery
Bishop Self-propelled Artillery
6-pounder Anti-tank Gun Team
Construct Company Command Post
Unlock Towed 17-pounder Anti-tank Guns
Construct Field Infirmary
Unlock M3 Grant Medium Tanks
Selects Anti-tank Rocket Loiter